AoeStats
← Blaskeer

Oasis

509244258Analyzed
4v4 RM · 6d ago on Sep 26, 2026· 106m 54s· 8 players
Game mode
Random Map
Map size
Large (8 player)
Population
200
Speed
Normal
Resources
Standard
Victory
Conquest
Starting age
Dark Age
Ending age
Imperial Age
RankedLock teamsTeams togetherTeam positionsShared explorationLock speedFull tech treeHidden civsTurbo modeCheats
Victory
Defeat
🇨🇱 Huns · Chile
695
+13
🇨🇱 Chinese · Chile
638
+16
🇨🇱 Mapuche · Chile
628
+16
🇨🇱 Italians · Chile
605
+17
🇺🇸 Goths · United States
723
-18
🇦🇺 Danes · Australia
661
-17
🇺🇸 Celts · United States
587
-14
🇺🇸 Franks · United States
558
-13
Matx108
7:33 Loom
10:29 Feudal Age
18:06 Castle Age
15:56 Horse Collar
16:05 Double-Bit Axe
18:34 Gold Mining
18:38 Stone Mining
19:07 Bow Saw
19:37 Heavy Plow
24:02 Champi Runner
34:30 Imperial Age
34:42 Stone Shaft Mining
38:00 Fletching
40:18 Elite Bolas Rider
43:04 Padded Archer Armor
44:00 Ballistics
44:28 Butalmapu
49:24 Malon
49:46 Conscription
52:52 Elite Kona
69:52 Chemistry
71:14 Bodkin Arrow
71:36 Leather Archer Armor
76:39 Forging
78:22 Champi Warrior
80:21 Elite Champi Warrior
81:43 Arson
82:58 Iron Casting
82:25 Scale Mail Armor
84:06 Crop Rotation
84:17 Gold Shaft Mining
84:50 Blast Furnace
86:27 Chain Mail Armor
86:41 Murder Holes
90:00 Pikeman
Rigby
14:05 Feudal Age
14:30 Town Watch
15:27 Horse Collar
16:28 Wheelbarrow
30:25 Castle Age
28:37 Stone Mining
28:39 Gold Mining
29:33 Loom
32:36 Caravan
33:10 Pikeman
33:51 Squires
34:29 Hand Cart
34:57 Gold Shaft Mining
35:43 Town Patrol
35:48 Heavy Plow
40:18 Light Cavalry
41:08 Bloodlines
43:01 Forging
42:42 Fletching
42:58 Scale Barding Armor
42:56 Padded Archer Armor
46:02 Masonry
46:16 Ballistics
46:07 Murder Holes
50:31 Imperial Age
48:22 Marauders
51:07 Forging
50:53 Bodkin Arrow
51:14 Leather Archer Armor
51:14 Double-Bit Axe
54:03 Elite Tarkan
58:37 Chain Barding Armor
58:18 Scale Mail Armor
58:54 Iron Casting
58:20 Bracer
66:11 Hussar
77:02 Bow Saw
91:04 Husbandry
91:48 Guilds
92:52 Two-Man Saw
95:28 Cavalier
99:59 Stone Mining
101:01 Coinage
102:21 Paladin
Le_HollowSette
10:21 Feudal Age
11:11 Double-Bit Axe
18:49 Castle Age
17:12 Gold Mining
18:03 Fletching
18:14 Padded Archer Armor
18:16 Stone Mining
20:26 Bodkin Arrow
20:54 Bow Saw
22:11 Wheelbarrow
21:46 Horse Collar
23:14 Heavy Plow
24:48 Hand Cart
31:24 Imperial Age
30:32 Ballistics
30:19 Padded Archer Armor
31:19 Leather Archer Armor
31:15 Thumb Ring
32:41 Stone Shaft Mining
32:47 Crop Rotation
33:18 Two-Man Saw
33:23 Bracer
33:55 Ring Archer Armor
35:38 Chemistry
34:55 Elite Genoese Crossbowman
38:49 Pirotechnia
40:14 Loom
43:15 Onager
Blaskeer
11:32 Feudal Age
11:54 Horse Collar
12:00 Double-Bit Axe
12:52 Wheelbarrow
15:11 Gold Mining
22:43 Castle Age
21:14 Stone Mining
23:58 Hand Cart
24:00 Bow Saw
23:52 Heavy Plow
24:31 Gold Shaft Mining
24:59 Thumb Ring
26:21 Caravan
28:41 Stone Shaft Mining
28:46 Ballistics
28:43 Masonry
28:42 Padded Archer Armor
28:33 Fletching
28:50 Scale Barding Armor
28:50 Scale Mail Armor
29:00 Forging
28:14 Man-at-Arms
28:15 Pikeman
28:58 Squires
28:43 Arson
29:29 Crossbowman
31:27 Bodkin Arrow
31:48 Leather Archer Armor
36:42 Imperial Age
37:30 Leather Archer Armor
37:31 Chain Mail Armor
37:51 Iron Casting
38:00 Bracer
39:12 Chemistry
38:24 Masonry
38:12 Murder Holes
38:28 Fortified Wall
38:04 Arrowslits
38:09 Halberdier
41:03 Two-Man Saw
41:00 Conscription
41:57 Elite Chu Ko Nu
43:25 Ring Archer Armor
43:26 Plate Mail Armor
43:56 Blast Furnace
44:04 Blast Furnace
45:03 Great Wall
54:34 Architecture
69:17 Rocketry
72:24 Heavy Rocket Cart
106:37 Capped Ram
SHADOWBANN3D
12:47 Feudal Age
14:18 Wheelbarrow
13:31 Town Watch
16:10 Gold Mining
18:40 Arson
18:18 Man-at-Arms
41:15 Castle Age
66:44 Imperial Age
64:31 Hand Cart
64:15 Double-Bit Axe
66:12 Caravan
66:45 Coinage
74:26 Town Patrol
83:23 Bow Saw
83:29 Scale Barding Armor
83:35 Forging
83:25 Scale Mail Armor
84:36 Banking
89:40 Husbandry
90:13 Cavalier
90:15 Light Cavalry
92:03 Chain Barding Armor
92:18 Iron Casting
92:18 Paladin
97:56 Plate Barding Armor
98:22 Blast Furnace
RAGEING CORPSE
0:28 Loom
12:26 Feudal Age
13:45 Wheelbarrow
13:12 Double-Bit Axe
13:32 Horse Collar
22:57 Castle Age
20:28 Man-at-Arms
20:56 Arson
21:09 Gold Mining
21:30 Stone Mining
25:24 Caravan
26:47 Bow Saw
27:05 Heavy Plow
28:22 Coinage
38:07 Imperial Age
36:07 Hamask
37:16 Pikeman
37:45 Gambesons
38:00 Squires
38:19 Onager
38:22 Capped Ram
38:51 Northmen's Fury
40:20 Elite Jomsviking
43:29 Chemistry
42:51 Ballistics
42:30 Halberdier
44:28 Hand Cart
45:53 Gold Shaft Mining
45:54 Stone Shaft Mining
45:40 Heavy Scorpion
47:22 Banking
47:39 Stone Shaft Mining
49:11 Conscription
49:12 Masonry
48:54 Heated Shot
50:41 Elite Varangian Guard
60:07 Elite Skirmisher
78:58 Siege Ram
81:37 Thumb Ring
K1NGlogman
7:24 Loom
9:16 Feudal Age
15:49 Double-Bit Axe
17:32 Horse Collar
24:53 Castle Age
28:12 Bow Saw
28:11 Heavy Plow
27:36 Pikeman
32:48 Man-at-Arms
33:16 Gambesons
33:18 Arson
34:31 Wheelbarrow
45:44 Long Swordsman
48:57 Imperial Age
46:48 Hand Cart
46:49 Fervor
46:37 Guard Tower
46:44 Heated Shot
47:19 Ballistics
50:29 Onager
52:39 Siege Onager
54:54 Halberdier
54:55 Two-Handed Swordsman
84:07 Champion
92:11 Light Cavalry
93:00 Husbandry
94:15 Hussar
103:48 Heavy Scorpion
BRICKEDUPMIDGET
10:23 Feudal Age
10:43 Loom
17:42 Forging
20:35 Castle Age
20:08 Scale Mail Armor
20:01 Double-Bit Axe
21:32 Stone Mining
24:19 Wheelbarrow
26:28 Squires
27:23 Gold Mining
28:54 Bow Saw
30:00 Chain Mail Armor
30:22 Iron Casting
32:48 Horse Collar
33:57 Heavy Plow
37:09 Imperial Age
36:47 Hand Cart
38:17 Elite Huskarl
39:17 Caravan
40:40 Anarchy
41:21 Perfusion
46:04 Blast Furnace
53:04 Fletching
55:37 Bodkin Arrow
56:41 Ballistics
57:43 Bracer
58:12 Conscription
Connection lost

Rejoining the realm…

Still unreachable

The connection could not be restored.

Session expired

The server has moved on; the page needs a fresh start.